 Dungeon Crawl Stone Soup version 0.30-a0-949-g53dc5368d7 (webtiles) character file.

Game seed: 12204541405723000593

389 mopl the Magician (level 6, 0/41 HPs)
             Began as a Mummy Fire Elementalist on Mar 27, 2023.
             Slain by Ijyb
             ... wielding a +3 dagger of electrocution
              (7 damage)
             ... on level 4 of the Dungeon.
             The game lasted 00:04:21 (2904 turns).

mopl the Magician (Mummy Fire Elementalist)         Turns: 2904, Time: 00:04:22

Health: 0/41       AC:  2    Str: 11    XL:     6   Next: 49%
Magic:  1/12       EV: 12    Int: 17    God:
Gold:   83         SH:  0    Dex: 12    Spells: 11/14 levels left

rFire   . . .      SeeInvis .    (no weapon)
rCold   + + .      Faith    +    (no shield)
rNeg    + + +      Spirit   .    a - +0 robe
rPois   ∞          Reflect  .    (no helmet)
rElec   .          Rampage  .    (no cloak)
rCorr   .                        (no gloves)
Will    .....                    (no boots)
Stlth   ++                       j - amulet of magic regeneration
HPRegen 0.26/turn                f - ring of protection from fire
MPRegen 0.53/turn                h - ring of protection from cold

@: very slightly contaminated
A: cold resistance 1, negative energy resistance 3, torment resistance 2, heat
vulnerability 1, in touch with death 1, no potions, faith
a: no special abilities


You were on level 4 of the Dungeon.
You visited 1 branch of the dungeon, and saw 4 of its levels.

You collected 83 gold pieces.

Inventory:

Missiles
 o - 2 boomerangs
Armour
 a - a +0 robe (worn)
Jewellery
 f - a ring of protection from fire (left hand)
 g - an amulet of regeneration
 h - a ring of protection from cold (right hand)
 j - an amulet of magic regeneration (around neck)
Scrolls
 b - a scroll of enchant weapon {unknown}
 c - a scroll of teleportation {unknown}
 d - a scroll of poison {unknown}
 e - 2 scrolls of blinking {unknown}
 i - a scroll of summoning {unknown}
 k - 3 scrolls of identify {unknown}
 l - a scroll of fog {unknown}
 m - a scroll of immolation {unknown}
 n - 2 scrolls of amnesia {unknown}
 p - a scroll of vulnerability {unknown}


   Skills:
 - Level 1.5 Dodging
 - Level 1.5 Stealth
 + Level 4.6 Spellcasting
 * Level 3.4 Conjurations
 * Level 4.2 Fire Magic


You had 11 spell levels left.
You knew the following spells:

 Your Spells              Type           Power      Damage    Failure   Level
a - Foxfire               Conj/Fire      68%        2x1d7     3%          1
b - Scorch                Fire           36%        2d7       4%          2

Your spell library contained the following spells:

 Spells                   Type           Power      Damage    Failure   Level
 Apportation              Tloc           6%         N/A       16%         1
 Necrotise                Necr           20%        1d5       16%         1
 Slow                     Hex            12%        N/A       16%         1
 Summon Small Mammal      Summ           12%        N/A       16%         1
 Inner Flame              Hex/Fire       11%        N/A       19%         3
 Kindle Blastsparks       Fire/Tloc/Air  16%        2d11      26%         3
 Flame Wave               Conj/Fire      17%        2d7       30%         4
 Call Canine Familiar     Summ           3%         N/A       41%         3
 Confusing Touch          Hex            3%         N/A       41%         3
 Summon Guardian Golem    Hex/Summ       3%         N/A       41%         3
 Vampiric Draining        Necr           5%         2d6       41%         3
 Petrify                  Tmut/Erth      3%         N/A       83%         4
 Irradiate                Conj/Tmut      4%         3d13      90%         5
 Sublimation of Blood     Necr           Unusable   N/A       N/A         2

Dungeon Overview and Level Annotations

Branches:
Dungeon (4/15)
 Temple: D:4-7

Altars:
Qazlal

Annotations:
D:3 3 runed translucent doors, hackum's ghost, amateur OpFi
D:4 Ijyb


Innate Abilities, Weirdness & Mutations

You are immune to poison.
Your flesh is cold resistant. (rC+)
You are immune to negative energy. (rN+++)
You are immune to unholy pain and torment.
You are vulnerable to heat. (rF-)
You are in touch with the powers of death.
You do not drink.
You have a special connection with the divine. (Faith)


Message History

Ijyb zaps a wand.
You easily resist.
Ijyb hits you with a +3 dagger of electrocution.
You barely miss Ijyb.
Ijyb is severely wounded.
Ijyb zaps a wand.
Casting: Scorch (safe; 4% risk of failure)
Confirm with . or Enter, or press ? or * to list all spells.
You miscast Scorch.
You are very lightly contaminated with residual magic.
Nothing appears to happen.
Ijyb hits you with a +3 dagger of electrocution.
Ijyb zaps a wand.
The now-empty wand crumbles to dust.
Unknown command.
You aren't carrying any items that you can evoke.
You can't drink.
Okay, then.
You barely miss Ijyb.
Ijyb is severely wounded.
Ijyb hits you with a +3 dagger of electrocution.
You are electrocuted!
You hit Ijyb but do no damage.
Ijyb is severely wounded.
Ijyb is no longer more vulnerable to fire.
Ijyb hits you with a +3 dagger of electrocution. x2
* * * LOW HITPOINT WARNING * * *
Casting: Scorch (safe; 4% risk of failure)
Confirm with . or Enter, or press ? or * to list all spells.
Flames lash Ijyb but do no damage.
Ijyb hits you but does no damage.
Unknown command.
Unknown command.
You hit Ijyb but do no damage.
Ijyb is severely wounded.
You hear the slow hiss of a very distant avalanche of sand.
Ijyb hits you with a +3 dagger of electrocution.
* * * LOW HITPOINT WARNING * * *
Ijyb completely misses you.
You hit Ijyb.
Ijyb is severely wounded.
Ijyb hits you with a +3 dagger of electrocution!
You die...

#########
######
#.g@....#
#.....
#.#####.#
#.###. #.#
#.#######.#
#. #S#
#.........#
#. #.#
###########
#. #.# #.
#.#
########.
g.#
#.......!
...
#.#######


You could see Ijyb (fast).

Vanquished Creatures
  An ogre (D:4)
  A scorpion (D:3)
  An orc priest (D:3)
  A hound (D:3)
  A sleepcap (D:4)
  Natasha (twice) (D:2)
  4 adders
  A dart slug (D:3)
  10 orcs (D:3)
  5 bats
  6 endoplasms
  4 giant cockroaches
  3 goblins (D:1)
  3 hobgoblins
  4 jackals
  7 kobolds
  8 ball pythons
  3 frilled lizards (D:2)
  5 rats
70 creatures vanquished.

Vanquished Creatures (others)
  51 foxfires (D:1)
51 creatures vanquished.

Grand Total: 121 creatures vanquished

Notes
Turn   | Place    | Note
-------+----------+-------------------------------------------
     0 | D:1      | mopl the Mummy Fire Elementalist began the quest for the
                  | Orb.
     0 | D:1      | Reached XP level 1. HP: 13/13 MP: 4/4
   135 | D:1      | Reached skill level 1 in Conjurations
   263 | D:1      | Reached skill level 3 in Spellcasting
   263 | D:1      | Reached XP level 2. HP: 12/19 MP: 1/6
   313 | D:1      | Learned a level 2 spell: Scorch
  1217 | D:2      | Noticed Natasha
  1226 | D:2      | Killed Natasha
  1227 | D:2      | Gained mutation: You are in touch with the powers of death.
                  | [Mummy growth]
  1227 | D:2      | Reached XP level 3. HP: 15/24 MP: 2/8
  1298 | D:2      | Reached skill level 3 in Fire Magic
  1546 | D:2      | Noticed Natasha
  1548 | D:2      | Killed Natasha
  1549 | D:2      | Reached skill level 2 in Conjurations
  1549 | D:2      | Reached XP level 4. HP: 30/30 MP: 5/9
  1979 | D:3      | Found a stormy altar of Qazlal.
  2146 | D:3      | Found a runed translucent gate.
  2146 | D:3      | Found a runed translucent gate.
  2146 | D:3      | Found a runed translucent gate.
  2147 | D:3      | Noticed hackum's ghost (amateur OpFi)
  2179 | D:3      | Reached skill level 4 in Spellcasting
  2179 | D:3      | Reached XP level 5. HP: 20/35 MP: 1/11
  2465 | D:3      | Reached skill level 3 in Conjurations
  2712 | D:4      | Noticed a phantom
  2778 | D:4      | Reached XP level 6. HP: 41/41 MP: 7/12
  2785 | D:4      | Reached skill level 4 in Fire Magic
  2881 | D:4      | Identified the +0 chain mail "Naluigi" {Will+}
  2881 | D:4      | Noticed Ijyb
  2904 | D:4      | Slain by Ijyb

Illustrated notes

Levels and vault maps discovered:
D:1:      dpeg_arrival_three_same_balls, layout_loops_ring, hex_medium
D:2:      layout_loops_corners, uniq_natasha
D:3:      layout_loops_ring, nicolae_qazlal_general_emergency,
          gammafunk_ghost_necromancy
D:4:      layout_basic, nicolae_ossuary_entry_giza, hangedman_decor_peaks_small,
          uniq_ijyb, uniq_edmund

Skill      XL: |  1  2  3  4  5  6 |
---------------+-------------------+-----
Conjurations   | 1 2 3 |  3.4
Spellcasting   | 3 4 |  4.6
Fire Magic     | 3 4 |  4.2
Dodging        | |  1.5
Stealth        | |  1.5

Action                     |  1- 3 |  4- 6 || total
---------------------------+-------+-------++-------
  Melee: Unarmed           |    22 |     9 ||    31
         Punch             |     1 |       ||     1
   Cast: Foxfire           |    41 |       ||    41
         Scorch            |    14 |    72 ||    86
 Armour: Robe              |     7 |     3 ||    10
  Dodge: Dodged            |    29 |    32 ||    61

Table legend: (Time is in decaauts)
 A = Elapsed time spent in this place.
 B = Non-inter-level travel time spent in this place.
 C = Inter-level travel time spent in this place.
 D = Time resting spent in this place.
 E = Time spent auto-exploring this place.
 F = Levels seen in this place.
 G = Mean time per level.
                   A        B        C        D        E       F      G
               +--------+--------+--------+--------+--------+-----+--------+
         Total |   2911 |   2787 |    124 |    301 |   1909 |   4 |  727.8 |
       Dungeon |   2911 |   2787 |    124 |    301 |   1909 |   4 |  727.8 |
               +--------+--------+--------+--------+--------+-----+--------+

Top non-repeatable levels by time:
     D:1: 1122 daAuts
     D:2: 889 daAuts
     D:3: 705 daAuts
     D:4: 194 daAuts
